AoeStats
← Bandolero

Arena

508662825Analyzed
4v4 RM · 8d ago on Sep 23, 2026· 38m 36s· 8 players
Game mode
Random Map
Map size
Large (8 player)
Population
200
Speed
Normal
Resources
Standard
Victory
Conquest
Starting age
Dark Age
Ending age
Imperial Age
RankedLock teamsTeams togetherTeam positionsShared explorationLock speedFull tech treeHidden civsTurbo modeCheats
Victory
Defeat
1784
+11
1701
+15
🇨🇳 Cumans · China
1657
+17
🇮🇳 Japanese · India
1549
+21
🇷🇺 Varangians · Russia
1795
-22
🇦🇷 Persians · Argentina
1674
-16
🇦🇷 Franks · Argentina
1629
-14
🇫🇷 Saxons · France
1584
-12
经典不变的回忆 | memory
11:02 Feudal Age
14:33 Castle Age
13:15 Horse Collar
13:22 Double-Bit Axe
15:20 Heavy Plow
15:31 Bow Saw
21:38 Wheelbarrow
22:41 Gold Mining
27:35 Imperial Age
24:53 Loom
25:35 Forging
25:31 Scale Barding Armor
25:19 Stone Mining
26:27 Gold Shaft Mining
26:21 Hand Cart
27:11 Iron Casting
26:37 Town Watch
28:05 Husbandry
28:15 Bloodlines
28:27 Chain Barding Armor
29:22 Blast Furnace
28:06 Elite Battle Elephant
29:12 Conscription
30:07 Plate Barding Armor
31:23 Paiks
33:08 Devotion
33:31 Block Printing
34:23 Mahayana
36:10 Sanctity
36:04 Fervor
36:18 Redemption
36:40 Crop Rotation
37:11 Two-Man Saw
36:42 Coinage
Baby
9:48 Feudal Age
15:46 Castle Age
14:15 Double-Bit Axe
14:13 Horse Collar
16:57 Bow Saw
17:29 Heavy Plow
18:37 Wheelbarrow
23:12 Loom
23:47 Hand Cart
23:31 Gold Mining
23:07 Crossbowman
24:37 Stone Mining
26:13 Yasama
26:36 Guard Tower
28:47 Masonry
29:15 Fletching
30:06 Bodkin Arrow
30:52 Thumb Ring
34:05 Imperial Age
32:26 Padded Archer Armor
32:48 Ballistics
32:10 Treadmill Crane
32:23 Pikeman
33:04 Squires
32:49 Gambesons
34:09 Murder Holes
35:23 Gold Shaft Mining
35:10 Bracer
36:01 Keep
35:14 Heavy Cavalry Archer
35:34 Capped Ram
37:19 Chemistry
37:53 Parthian Tactics
37:57 Husbandry
38:08 Bloodlines
38:48 Leather Archer Armor
38:21 Arrowslits
月月
8:17 Feudal Age
8:59 Double-Bit Axe
10:36 Horse Collar
10:42 Loom
15:48 Wheelbarrow
19:55 Castle Age
18:28 Gold Mining
19:01 Forging
19:46 Bloodlines
20:37 Scale Barding Armor
21:48 Iron Casting
22:35 Heavy Plow
23:16 Gold Shaft Mining
22:36 Capped Ram
24:52 Chain Barding Armor
32:41 Imperial Age
32:38 Town Watch
33:26 Hand Cart
33:17 Elite Steppe Lancer
35:16 Blast Furnace
34:18 Elite Steppe Lancer
35:18 Steppe Husbandry
36:53 Conscription
38:04 Plate Barding Armor
种田人口才是基本盘
10:03 Feudal Age
13:38 Castle Age
11:56 Double-Bit Axe
12:24 Horse Collar
20:19 Wheelbarrow
22:30 Gold Mining
23:03 Heavy Plow
23:46 Loom
27:47 Imperial Age
25:25 Scale Mail Armor
26:26 Hand Cart
26:01 Arson
26:17 Squires
26:20 Stone Mining
26:21 Man-at-Arms
26:24 Pikeman
27:27 Chain Mail Armor
27:01 Treadmill Crane
27:32 Masonry
28:11 Bow Saw
28:52 Conscription
27:54 Elite Varangian Guard
29:38 Plate Mail Armor
29:02 Capped Ram
29:09 Shield Wall
29:41 Capped Ram
30:36 Forging
32:12 Iron Casting
33:26 Hoardings
33:30 Architecture
33:04 Long Swordsman
33:31 Gambesons
34:31 Siege Engineers
34:55 Two-Handed Swordsman
35:48 Siege Ram
36:14 Champion
Luldo
10:42 Feudal Age
14:33 Castle Age
12:47 Double-Bit Axe
12:45 Horse Collar
15:56 Bow Saw
15:47 Heavy Plow
16:25 Wheelbarrow
25:48 Imperial Age
24:24 Hand Cart
26:50 Fletching
29:00 Two-Man Saw
28:19 Hand Cart
28:09 Bodkin Arrow
27:35 Cranequins
29:04 Bracer
29:42 Town Watch
30:20 Husbandry
32:36 Loom
35:35 Chemistry
34:57 Heavy Mounted Crossbowman
37:02 Thumb Ring
38:00 Shield Wall
Fresh To Death
10:36 Feudal Age
11:30 Double-Bit Axe
14:31 Castle Age
12:29 Horse Collar
15:24 Bow Saw
15:20 Heavy Plow
19:49 Wheelbarrow
21:33 Loom
21:45 Town Watch
22:34 Hand Cart
24:00 Gold Mining
27:41 Imperial Age
25:20 Scale Mail Armor
26:56 Chain Mail Armor
27:57 Forging
27:45 Elite Varangian Guard
28:26 Squires
29:11 Conscription
29:58 Plate Mail Armor
30:37 Iron Casting
30:21 Arson
29:58 Gothikon
32:44 Blast Furnace
35:14 Pikeman
36:12 Halberdier
~BroKen~
10:09 Feudal Age
14:53 Castle Age
14:34 Wheelbarrow
13:46 Double-Bit Axe
16:24 Bow Saw
16:18 Town Watch
18:40 Loom
24:12 Hand Cart
30:03 Imperial Age
27:53 Fletching
28:04 Padded Archer Armor
31:41 Ballistics
32:22 Chemistry
32:20 Bodkin Arrow
32:41 Leather Archer Armor
32:31 Scale Barding Armor
32:29 Husbandry
32:07 Heavy Mounted Crossbowman
32:08 Cranequins
Bandolero
10:12 Feudal Age
14:09 Castle Age
13:19 Double-Bit Axe
13:30 Horse Collar
20:16 Bow Saw
21:39 Wheelbarrow
22:20 Town Watch
23:12 Gold Mining
23:14 Stone Mining
25:03 Gold Shaft Mining
25:37 Stone Shaft Mining
28:05 Imperial Age
27:00 Forging
26:51 Scale Mail Armor
27:25 Scale Barding Armor
27:35 Bloodlines
27:25 Husbandry
27:35 Loom
28:44 Conscription
28:10 Elite War Elephant
29:31 Chain Barding Armor
29:59 Hand Cart
30:29 Iron Casting
30:57 Plate Barding Armor
32:05 Block Printing
Connection lost

Rejoining the realm…

Still unreachable

The connection could not be restored.

Session expired

The server has moved on; the page needs a fresh start.